Map: Acid Plant LE

Players

TRUE - Winner!

  • Race: Zerg Zerg
  • Spawn Location: 11:00

Expect

  • Race: Terran Terran
  • Spawn Location: 5:00

Event: WCS Austin 2018

VOD

Have the link to the VOD?

Description

Time

  • Played on: June 1, 2018, 10:55 p.m.
  • Length: 6:33

All games in this series

Show
View Real Time Build Order
Export as new Build Order

TRUE Zerg - Winner!

Build Orders: Hatch First 

Get SALT Encoding   

  12  0:00  Drone  
  13  0:13  Overlord  
  13  0:17  Drone  
  14  0:31  Drone  
  14  0:32  Drone  
  14  0:35  Drone  
  17  0:51  Hatchery  
  17  0:55  Drone  
  17  1:08  Spawning Pool  
  17  1:10  Extractor  
  15  1:14  Drone  
  15  1:17  Drone  
  17  1:20  Drone  
  18  1:29  Drone  
  19  1:39  Overlord  
  19  1:55  Queen  
  19  1:57  Zergling x2  
  19  2:00  Zergling x2  
  23  2:03  Queen  
  23  2:04  Zergling x2  
  26  2:12  Drone  
  26  2:14  Drone  
  28  2:23  Drone  
  28  2:25  Drone  
  30  2:31  Queen  
  30  2:34  Drone  
  32  2:38  Drone  
  33  2:44  Overlord  
  33  2:46  Drone  
  34  2:54  Drone  
  34  2:58  Drone  
  36  3:06  Drone x2  
  36  3:07  Drone x2  
  36  3:08  Drone  
  41  3:17  Drone  
  41  3:19  Queen  
  44  3:21  Overlord  
  44  3:25  Hatchery  
  43  3:28  Drone  
  44  3:40  Drone x2  
  46  3:41  Drone x3, Roach Warren  
  46  3:42  Drone x2  
  46  3:46  Drone  
  46  3:47  Drone  
  52  4:02  Overlord  
  52  4:04  Overlord  
  52  4:11  Overlord  
  52  4:14  Overlord  
  52  4:20  Extractor  
  52  4:22  Roach, Queen  
  52  4:23  Roach x2  
  59  4:26  Metabolic Boost  
  59  4:30  Roach x2  
  59  4:31  Roach x2  
  67  4:35  Roach  
  69  4:43  Drone x7, Queen  
  78  4:48  Drone  
  79  4:54  Overlord  
  79  4:57  Overlord  
  79  5:02  Overlord  
  79  5:03  Drone x3  
  82  5:08  Overlord  
  82  5:13  Overlord  
  82  5:19  Roach x8  
  97  5:24  Roach  
  101  5:28  Roach  
  100  5:43  Drone  
  100  5:44  Drone x6  
  100  5:47  Drone  
  100  5:48  Drone x2  
  108  5:51  Drone x2  
  108  5:56  Drone  
  104  5:57  Drone  
  104  6:01  Drone x4  
  104  6:02  Drone  
  104  6:03  Drone x2  
  112  6:06  Overlord  
  112  6:10  Overlord  
  112  6:17  Evolution Chamber  
  112  6:18  Evolution Chamber  
  110  6:20  Extractor  
  112  6:25  Extractor  
Show
View Real Time Build Order
Export as new Build Order

Expect Terran 

Build Orders: Liberator Opening, Reaper Expand 

Get SALT Encoding   

  12  0:00  SCV  
  13  0:13  SCV  
  14  0:17  Supply Depot  
  14  0:25  SCV  
  15  0:39  SCV  
  15  0:40  Barracks  
  16  0:44  Refinery  
  16  0:51  SCV  
  17  1:03  SCV  
  18  1:15  SCV  
  19  1:28  Orbital Command  
  19  1:29  Reaper  
  20  1:40  Command Center  
  20  1:53  SCV  
  20  1:54  Supply Depot  
  21  2:00  Marine  
  22  2:06  Factory  
  22  2:07  SCV  
  23  2:12  Refinery  
  23  2:19  SCV  
  23  2:22  Barracks Reactor  
  24  2:31  SCV  
  25  2:43  SCV  
  26  2:51  Starport  
  26  2:53  Orbital Command  
  26  2:55  SCV  
  27  3:07  Hellion x2, Barracks Tech Lab  
  27  3:09  SCV  
  32  3:19  SCV  
  33  3:21  SCV  
  34  3:28  Hellion x2, Supply Depot  
  34  3:29  Viking  
  40  3:37  SCV x2  
  42  3:43  Liberator  
  42  3:49  Hellion, SCV x2  
  42  3:50  Hellion, Supply Depot  
  51  4:05  SCV x2  
  53  4:13  Cyclone  
  53  4:15  Cyclone  
  59  4:17  Supply Depot  
  59  4:18  SCV x2  
  61  4:30  Command Center  
  61  4:33  SCV  
  62  4:39  Supply Depot, SCV  
  63  4:49  Marine  
  64  4:53  SCV x2  
  64  4:55  Factory Reactor  
  66  5:02  Barracks  
  66  5:04  Starport Tech Lab, Barracks, Factory Tech Lab  
  64  5:10  Bunker  
  64  5:11  SCV x2  
  64  5:12  Bunker  
  64  5:13  Marine  
  66  5:23  SCV x2  
  66  5:24  Supply Depot  
  66  5:27  Engineering Bay x2  
  68  5:30  Siege Tank  
  71  5:36  Starport Reactor, Refinery x2  
  71  5:39  SCV x2  
  71  5:41  Marine  
  74  5:42  Orbital Command  
  71  5:51  SCV x2  
  71  6:00  Marine x3  
  71  6:03  SCV  
  75  6:04  Barracks Reactor  
  75  6:06  Barracks, SCV  
  75  6:08  Barracks  
  76  6:15  SCV  
  78  6:20  SCV  
  78  6:25  Supply Depot  
Tags
 
Add a new tag
Caveats
  • Supply blocks, unpowered buildings, or Contaminate may cause inaccurate times.
  • Supply counts are checked every 10 seconds.